[Event "Late-Titled-Tuesday-Blitz-March-19-2024"]
[Site "Chess.com"]
[Date "2024.03.19"]
[Round "8"]
[White "Horokoskii"]
[Black "Felix-Rose"]
[Result "1/2-1/2"]
[WhiteElo "2173"]
[BlackElo "2254"]
[TimeControl "180+1"]
[EndTime "15:28:38 PDT"]
[Termination "Game drawn by repetition"]

1. c4 e6 2. e4 d5 3. cxd5 exd5 4. e5 Nc6 5. Nf3 Bg4 6. Be2 Nge7 7. d4 Ng6 8. Nc3 Be7 9. O-O O-O 10. h3 Bxf3 11. Bxf3 Qd7 12. Nxd5 Rad8 13. Be3 Rfe8 14. Nxe7+ Ngxe7 15.
Qa4 Nxd4 16. Qxd7 Nxf3+ 17. gxf3 Rxd7 18. Rfd1 Red8 19. Rxd7 Rxd7 20. a4 a6 21. Rc1 Nc6 22. f4 Nb4 23. Rc4 Nd3 24. Kg2 b6 25. b3 a5 26.
Bxb6 Nxf4+ 27. Rxf4 cxb6 28. Rc4 Kf8 29. Rc8+ Ke7 30.
Rb8 Ke6 31. Rxb6+ Kxe5 32. b4 axb4 33. Rxb4 Rd2 34. Rb7 Kf6 35. a5 Ra2 36. Rb6+ Kg5 37. a6 g6 38. Kg3 Ra3+ 39. f3 h5 40. h4+ Kf5 41. Rb5+ Kf6 42. Rb6+ Ke5 43. Rb7 f6 44. a7 Kf5 45. Rb5+ Ke6 46. Rb6+ Ke5 47. Rb7 Kf5 48. Rc7 g5 49. hxg5 fxg5 50. Rb7 h4+ 51. Kg2 Ra2+ 52. Kh3 Ra1 53. Rf7+ Kg6 54. Rb7 Kh5 55. Kg2 Ra2+ 56.
Kh3 Ra3 57. Kg2 Kg6 58. Rb6+ Kf5 59. Rb5+ Kf4 60. Rb4+ Kf5 61. Rb7 Ra2+ 62. Kh3 Ra3 63. Kg2 1/2-1/2

[Event "Late-Titled-Tuesday-Blitz-March-19-2024"]
[Site "Chess.com"]
[Date "2024.03.19"]
[Round "8"]
[White "mind1mover"]
[Black "newyorkmouse"]
[Result "0-1"]
[WhiteElo "2795"]
[BlackElo "2674"]
[TimeControl "180+1"]
[EndTime "15:28:43 PDT"]
[Termination "newyorkmouse won on time"]

1. e4 c6 2. d4 d5 3. exd5 cxd5 4. Bd3 Nc6 5. c3 Qc7 6. h3 g6 7. Nf3 Bf5 8. Be2 Nf6 9. O-O Bg7 10. Na3 a6 11.
Nc2 Ne4 12. Ne3 O-O-O 13. Qb3 Na5 14. Qa4 Nc6 15. Qa3 e5 16. Nxf5 gxf5 17. dxe5 Nxe5 18. Nxe5 Bxe5 19. Bf3 Rhg8 20. Be3 Ng5 21. Bxg5 Rxg5 22. Rad1 Bd6 23. Qb3 Bc5 24. Rxd5 Rdg8 25. Qc2 Qc6 26.
Rd8+ Kxd8 27. Bxc6 bxc6 28. Qd3+ Kc7 29. Qf3 Rg3 30.
Qf4+ Kb7 31. Qxf5 Rxg2+ 32. Kh1 Bd6 33. Qxf7+ Bc7 34. Qb3+ Kc8 35. f4 Bxf4 36. Qxg8+ Rxg8 37. Rxf4 Rg3 38. Rf8+ Kc7 39. Rf7+ Kb6 40. Rxh7 Rd3 41.
Rg7 Rxh3+ 42. Kg2 Rd3 43. Rf7 Rd1 44. Rf1 Rd2+ 45. Rf2 Rd1 46. Kf3 Rd3+ 47. Ke2 Rd8 48. Rf3 Re8+ 49. Re3 Rh8 50. Kd2 Rh2+ 51. Re2 Rh1 52.
Kc2 Rh3 53. Rd2 Rh4 54. Kb3 Rg4 55. Rc2 Rg5 56. c4 Rg3+ 57. Rc3 Rg5 58. Kb4 c5+ 59. Ka4 Rg6 60. Rb3+ Ka7 61. Rd3 Rg4 62. b3 Rg6 63. Rd5 Kb6 64. Rh5 Rf6 65. Rg5 Rd6 66. b4 Rd2 0-1

[Event "Late-Titled-Tuesday-Blitz-March-19-2024"]
[Site "Chess.com"]
[Date "2024.03.19"]
[Round "8"]
[White "Byniolus"]
[Black "TheKnightOfBosnia"]
[Result "1-0"]
[WhiteElo "2787"]
[BlackElo "2629"]
[TimeControl "180+1"]
[EndTime "15:28:43 PDT"]
[Termination "Byniolus won by resignation"]

1. d4 Nf6 2. Nf3 e6 3. Bf4 d5 4.
e3 c5 5. c3 Nbd7 6. h3 Be7 7.
Nbd2 O-O 8. Bd3 Qb6 9. Rb1 Qa5 10.
a3 c4 11. Bc2 b5 12. e4 dxe4 13. Nxe4 Bb7 14. Nxf6+ Nxf6 15. O-O Qb6 16. Ne5 Rfd8 17. Qe2 a5 18. a4 Rac8 19. axb5 Qxb5 20. Ra1 g6 21.
Ra2 Bd5 22. Rfa1 Ra8 23. Bg5 Kg7 24. Qe3 Ng8 25. Bxe7 Nxe7 26. Ng4 Ng8 27. Qe5+ f6 28. Qg3 Qb7 29. Ne3 Ne7 30. h4 Qb8 31. Qg4 h5 32.
Qe2 Nf5 33. Bxf5 exf5 34. Rxa5 Rxa5 35. Rxa5 Bf7 36. Nxc4 Re8 37. Ne3 f4 38. Rb5 Qc8 39. Rc5 Qb7 40. b4 fxe3 41. fxe3 Qe4 42. Kf2 Qxh4+ 43.
Kg1 Qe4 44. Kf2 Ra8 45. Ra5 Rxa5 46. bxa5 Qd5 47. a6 Qc4 48. Qxc4 Bxc4 49. a7 Bd5 50. c4 Ba8 51. d5 Kf7 52. e4 Ke7 53.
c5 f5 54. exf5 gxf5 55. c6 Kd6 56. Kg3 Kc7 57. Kf4 Kb6 58. Kxf5 Kxa7 59. Ke6 Kb6 60.
Kd6 h4 61. Kd7 Kc5 62. c7 Bb7 63. d6 Kd5 64. Ke7 Kc6 65. d7 1-0

[Event "Late-Titled-Tuesday-Blitz-March-19-2024"]
[Site "Chess.com"]
[Date "2024.03.19"]
[Round "8"]
[White "azikom"]
[Black "tolimachess"]
[Result "1-0"]
[WhiteElo "2590"]
[BlackElo "2455"]
[TimeControl "180+1"]
[EndTime "15:28:43 PDT"]
[Termination "azikom won by checkmate"]

1. e4 c5 2. Nc3 Nc6 3. g3 g6 4. Bg2 Bg7 5. d3 e5 6. h4 h6 7. h5 g5 8. f4 exf4 9. gxf4 gxf4 10. Bxf4 Nf6 11. Qd2 d6 12. O-O-O Be6 13. Nge2 Ng4 14. Rdf1 Qd7 15. Nd5 O-O-O 16. Nec3 Nd4 17. Kb1 b5 18. Ne2 Bxd5 19. Nxd4 Bxa2+ 20. Kxa2 Bxd4 21. Bh3 Kb8 22. c3 Be5 23. Kb1 Rhg8 24. Bxh6 b4 25. cxb4 Qb7 26. Bf4 Bxf4 27. Rxf4 Ne5 28. d4 Nc4 29. Qc3 Qxb4 30.
Qxb4+ cxb4 31. h6 b3 32. h7 Rg7 33. Bf5 Rh8 34. Rg4 Rxg4 35. Bxg4 Nd2+ 36. Kc1 Nxe4 37. Rh6 Kc7 38. Bf5 Ng5 39. Kd2 a5 40. Kc3 a4 41. Rh5 Nf3 42. Be4 Ne1 43. Ra5 f5 44.
Bxf5 Ng2 45. Rxa4 Ne3 46. Be4 d5 47. Bd3 Kd6 48. Ra6+ Ke7 49. Kxb3 Rb8+ 50. Ka3 Kf7 51.
b4 Kg7 52. b5 Nd1 53. Kb4 Nf2 54. Bc2 Rc8 55. Rc6 Re8 56. b6 Ne4 57. Kb5 Kxh7 58. b7 Rb8 59. Kb6 Kg7 60. Bxe4 dxe4 61. Re6 Rd8 62. Rxe4 Kf6 63. d5 Kf5 64. Re1 Rxd5 65. b8=Q Rd1 66. Qf8+ Kg4 67. Rxd1 Kh3 68. Qg7 Kh2 69.
Rd8 Kh1 70. Rh8# 1-0

[Event "Late-Titled-Tuesday-Blitz-March-19-2024"]
[Site "Chess.com"]
[Date "2024.03.19"]
[Round "8"]
[White "TanitoluwaAps116"]
[Black "Bastiandash"]
[Result "1/2-1/2"]
[WhiteElo "2805"]
[BlackElo "2610"]
[TimeControl "180+1"]
[EndTime "15:28:44 PDT"]
[Termination "Game drawn by repetition"]

1. e4 c5 2. Nf3 e6 3. c3 Nf6 4. e5 Nd5 5. Bc4 d6 6. d4 cxd4 7. cxd4 Nc6 8. O-O Be7 9. Qe2 dxe5 10. dxe5 Qb6 11. Rd1 O-O 12. Bxd5 exd5 13. Nc3 d4 14.
Nd5 Qc5 15. Nxe7+ Qxe7 16. Qe4 Re8 17. Qf4 Be6 18. Nxd4 Nxd4 19. Rxd4 Rac8 20. Be3 Rc2 21. Rd2 Rxd2 22. Bxd2 Qc5 23. Rc1 Qd5 24. b3 Rd8 25. Bb4 Qd1+ 26. Be1 Qd5 27. h3 h6 28. Bb4 a5 29.
Bd6 Rc8 30. Rxc8+ Bxc8 31. Qa4 Be6 32. Qe8+ Kh7 33. Qe7 Qd1+ 34. Kh2 Qe2 35. Qxb7 Qxa2 36. b4 axb4 37. Qe4+ Kg8 38. Bxb4 Qxf2 39. Bd6 Qd2 40. Be7 Bd5 41. Qg4 Kh7 42. Bf8 g6 43. Be7 Kg8 44. Bf6 Kh7 45. h4 h5 46. Qg3 Qe2 47. Kh3 Be6+ 48.
Kh2 Bd5 49. Qg5 Qf1 50. Be7 Qf5 51. Qxf5 gxf5 52. Kg3 Kg6 53. Bg5 Be6 54. Kf4 Bd5 55. g3 Be6 56. Ke3 Bd5 57. Kd4 Be6 58. Kc5 Ba2 59.
Bf4 Be6 60. Kd6 Ba2 61. Ke7 Be6 62. Kf8 Ba2 63. Kg8 Be6 64. Kh8 Bd5 65. Bg5 Be6 66.
Bf4 Bd5 67. Kg8 f6+ 68. Kf8 fxe5 69. Bxe5 Bc4 70. Ke7 Bd3 71. Bf4 Be2 72. Kd6 Bg4 73. Ke5 Bh3 74. Kd4 Bg4 75. Ke3 Bh3 76. Kf3 Bg4+ 77.
Kf2 Bd1 78. Kg2 Bg4 79. Kf2 Bd1 80. Ke1 Bg4 81. Kd2 Bh3 82. Ke3 Bg4 83. Kf2 1/2-1/2

[Event "Late-Titled-Tuesday-Blitz-March-19-2024"]
[Site "Chess.com"]
[Date "2024.03.19"]
[Round "8"]
[White "Quattroporte300"]
[Black "Jahonas"]
[Result "0-1"]
[WhiteElo "2490"]
[BlackElo "2380"]
[TimeControl "180+1"]
[EndTime "15:28:44 PDT"]
[Termination "Jahonas won by resignation"]

1. e4 e5 2. Nf3 Nf6 3. Nc3 Nc6 4. d4 exd4 5. Nxd4 Nxd4 6. Qxd4 d6 7. Bg5 Be7 8. O-O-O O-O 9. h4 Be6 10. f3 c6 11. g4 Qa5 12. Kb1 Rfd8 13. Bd2 Qc7 14. g5 Ne8 15. h5 d5 16. exd5 Bxd5 17. Nxd5 Rxd5 18. Qe4 Nd6 19. Qg4 Bxg5 20. Bd3 Bxd2 21. Rxd2 Qe7 22. Rg1 Qf6 23. Rdg2 Ne8 24. a3 h6 25. Qe4 Kf8 26. Qh7 Re5 27. Qh8+ Ke7 28. Rxg7 Rd8 29. Rxf7+ Kxf7 30. Qh7+ Ng7 31. Bc4+ Rdd5 32.
Bxd5+ Rxd5 33. Rg6 Rd1+ 34. Ka2 Qd4 35. Rg4 Qd5+ 36.
c4 Qe5 37. Qg6+ Kf8 38. Qxh6 Rd4 39. Rxd4 Qxd4 40. Qh8+ Kf7 41. b3 Qd2+ 42. Kb1 Qd1+ 43. Kb2 Qe2+ 44. Kb1 Qxf3 45. Qd8 Qf5+ 46. Kb2 Qf6+ 47.
Qxf6+ Kxf6 48. h6 Ne6 49. Kc3 Kg6 50. Kd3 Kxh6 51. b4 Kg7 52. Ke4 Kf6 53. a4 b6 54. a5 bxa5 55. bxa5 Nc7 56. Kd4 Ke6 57. Kc5 Kd7 58. Kb4 Kd6 59. Ka4 Kc5 60. Kb3 Ne6 61.
Kc3 Nd4 62. Kd3 Nf5 63. Kc3 Nd6 64. Kb3 Nxc4 65. Ka4 Nd6 66. a6 Kb6 67. Kb4 Kxa6 68. Kc5 Kb7 0-1

[Event "Late-Titled-Tuesday-Blitz-March-19-2024"]
[Site "Chess.com"]
[Date "2024.03.19"]
[Round "8"]
[White "mightysmasher"]
[Black "Jagerrmeisterr"]
[Result "1-0"]
[WhiteElo "2605"]
[BlackElo "2738"]
[TimeControl "180+1"]
[EndTime "15:28:50 PDT"]
[Termination "mightysmasher won by checkmate"]

1. e4 c6 2. d4 d5 3. Nd2 dxe4 4. Nxe4 Nf6 5. Nxf6+ gxf6 6. c3 Bf5 7. Bd3 Bxd3 8.
Qxd3 Qd5 9. Nf3 Nd7 10. Be3 O-O-O 11. c4 Qh5 12. O-O-O Rg8 13. Qa3 Rxg2 14. Ne1 Rg4 15. Qxa7 Bh6 16. Nd3 Re4 17. Rhe1 c5 18. Qa8+ Kc7 19.
Qa5+ Kc8 20. Qa8+ Kc7 21. Qa5+ Nb6 22. dxc5 Bxe3+ 23. fxe3 Rxc4+ 24. Kb1 Qg6 25. cxb6+ Kc6 26. Qa3 Rd6 27. Ka1 Qf5 28. Qb3 Qb5 29. Qxb5+ Kxb5 30. Nf4 Rdc6 31. a3 Re4 32. Nd5 Re5 33. Nc3+ Kxb6 34. Rd4 f5 35. Rf1 e6 36. Rff4 Kc7 37. Rh4 Rxe3 38.
Rxh7 Re1+ 39. Ka2 e5 40. Rxf7+ Kc8 41. Rb4 b6 42. Ra4 Kb8 43. Rxf5 Rd6 44. Rh4 Kb7 45. Rh7+ Kc6 46. Rff7 Kc5 47. Rc7+ Kd4 48. Nb5+ Kd5 49.
Nxd6 Kxd6 50. Rhd7+ Ke6 51. Rd2 e4 52. Rc6+ Ke5 53.
Rxb6 e3 54. Rg2 Rf1 55. Re2 Ke4 56. Re6+ Kd3 57. R6xe3+ Kc4 58. Rc3+ Kd4 59. Rd2+ Ke4 60. a4 Rf5 61. Rc4+ Ke3 62. Rdc2 Ra5 63. b4 Rxa4+ 64. Kb3 Ra1 65. b5 Rb1+ 66. Rb2 Ra1 67. b6 Ra6 68. b7 Rb6+ 69. Rb4 Rd6 70. b8=Q Rd3+ 71. Ka2 Kf3 72. Qg3# 1-0

[Event "Late-Titled-Tuesday-Blitz-March-19-2024"]
[Site "Chess.com"]
[Date "2024.03.19"]
[Round "8"]
[White "FairChess_on_YouTube"]
[Black "Sanan_Sjugirov"]
[Result "1-0"]
[WhiteElo "3159"]
[BlackElo "3007"]
[TimeControl "180+1"]
[EndTime "15:28:51 PDT"]
[Termination "FairChess_on_YouTube won on time"]

1. d4 Nf6 2. c4 e6 3. Nf3 d5 4. g3 Be7 5. Bg2 O-O 6. O-O dxc4 7. Qa4 a6 8. Qxc4 b5 9. Qc2 Bb7 10. Bd2 h6 11. Rc1 Bd6 12. a3 Qe7 13. b4 Nbd7 14. Nc3 Rab8 15. Bf4 e5 16. Nxe5 Nxe5 17.
dxe5 Bxe5 18. Bxe5 Qxe5 19. e3 Bxg2 20. Kxg2 c5 21.
bxc5 Qxc5 22. Ne2 Qxc2 23. Rxc2 Rfc8 24. Rac1 Rxc2 25. Rxc2 Kf8 26. Nd4 Nd7 27. Rc6 Rb6 28.
Rc7 Ke8 29. Nc6 Nc5 30. Ne5 Ne4 31. f3 Nd6 32. Ra7 a5 33. Rxa5 f6 34. Ra8+ Ke7 35. Ng6+ Kf7 36. Nf4 Nc4 37. Ra7+ Kg8 38. Nd5 Rd6 39.
e4 Rd8 40. g4 Rb8 41. Kg3 Ne5 42. h4 Nc6 43. Rc7 Nd4 44. h5 Ra8 45. Ne7+ Kf8 46. Ng6+ Kg8 47. Rd7 Ne2+ 48. Kf2 Nc3 49. Ne7+ Kf8 50.
Nf5 Rxa3 51. Rxg7 b4 52. Rb7 Ra2+ 53. Kg3 Ne2+ 54. Kh4 Ng1 55. Rxb4 Nxf3+ 56. Kg3 Ng5 57. Rb8+ Kf7 58. Nxh6+ Ke6 59. Rb6+ Ke5 60. Rb5+ Kxe4 61. Ng8 Ra3+ 62. Kg2 Kf4 63. Nxf6 Ra2+ 64. Kf1 Nf3 65. Rf5+ Ke3 66. Nd5+ Ke4 67. Nc3+ Ke3 68. Nxa2 1-0

[Event "Late-Titled-Tuesday-Blitz-March-19-2024"]
[Site "Chess.com"]
[Date "2024.03.19"]
[Round "8"]
[White "Shahdad2007"]
[Black "liwadas82"]
[Result "1-0"]
[WhiteElo "2608"]
[BlackElo "2512"]
[TimeControl "180+1"]
[EndTime "15:28:52 PDT"]
[Termination "Shahdad2007 won on time"]

1. e4 e5 2. Nf3 Nc6 3. Bc4 Bc5 4.
c3 Nf6 5. d4 exd4 6. e5 d5 7.
Bb5 Ne4 8. cxd4 Bb4+ 9. Bd2 Bxd2+ 10. Nbxd2 O-O 11. O-O Nxd2 12. Qxd2 Ne7 13. Bd3 Bf5 14. Rac1 c6 15. Ng5 h6 16. Nh3 Bxh3 17. gxh3 Qd7 18. Kg2 f6 19. f4 Nf5 20. Bxf5 Qxf5 21.
Qc2 Qh5 22. Rce1 fxe5 23. dxe5 Rae8 24. e6 Qf5 25. Qxf5 Rxf5 26. Rf3 Kf8 27. Kg3 Ke7 28. Rb3 b6 29. a4 Kd6 30. a5 b5 31. Rc3 c5 32. Kg4 g6 33. Rce3 Re7 34. h4 h5+ 35. Kg3 Rf6 36. Rb3 b4 37. a6 Rfxe6 38. Ra1 Re3+ 39. Rxe3 Rxe3+ 40. Kf2 Rb3 41. Rg1 Rxb2+ 42. Ke3 Rb3+ 43. Kf2 c4 44. Rxg6+ Kc5 45. f5 c3 46.
f6 c2 47. Rg1 Rb1 48. f7 Rxg1 49. f8=Q+ Kb5 50. Qe8+ Kc4 51. Qc6+ Kd3 52. Kxg1 b3 53.
Qxd5+ Kc3 54. Qe5+ Kd2 55. Qd4+ Ke2 56. Qc4+ Kd2 57.
Qd5+ Ke2 58. Qxh5+ Kd2 59. Qd5+ Ke2 60. Qc4+ Kd2 61.
Kf2 c1=Q 62. Qxb3 Qc5+ 63. Kf3 Qc6+ 64. Kg4 Qxa6 65. Qd5+ Ke3 66. Qe5+ Kd2 67. h5 Qc8+ 68. Qf5 Qg8+ 69. Qg5+ Qxg5+ 70. Kxg5 a5 71. h6 a4 72. h7 a3 73. h8=Q a2 74. Qa1 1-0

[Event "Late-Titled-Tuesday-Blitz-March-19-2024"]
[Site "Chess.com"]
[Date "2024.03.19"]
[Round "8"]
[White "SultaiC"]
[Black "Charodej1"]
[Result "1-0"]
[WhiteElo "2510"]
[BlackElo "2379"]
[TimeControl "180+1"]
[EndTime "15:28:53 PDT"]
[Termination "SultaiC won on time"]

1. e4 c6 2. d4 d5 3. exd5 cxd5 4. Bd3 Nc6 5. c3 Nf6 6. Bf4 Bg4 7. Qb3 Qd7 8. Nd2 e6 9. Ngf3 Bxf3 10. Nxf3 Bd6 11.
Ne5 Qc7 12. O-O O-O 13. Rfe1 Rab8 14. a4 Rfc8 15. Bg3 a6 16. Nxc6 bxc6 17. Qc2 Bxg3 18. hxg3 a5 19. Rab1 c5 20. Qd2 cxd4 21. cxd4 Qb6 22.
b3 h6 23. Bb5 Ne4 24. Qe3 Nc3 25.
Rbc1 Nxb5 26. axb5 Qxb5 27. Rb1 Qb4 28. Qe5 Rc3 29. g4 Rbc8 30. g5 hxg5 31. Qxg5 Qxd4 32. Rbd1 Qf6 33. Qd2 Rc2 34. Qe3 R8c3 35. Qb6 Rxb3 36. Qa7 Rbc3 37. Rf1 Rc5 38. Qb8+ Rc8 39. Qb3 Qc3 40.
Qa4 Qb4 41. Qa1 a4 42. Rb1 Qc4 43. Qa3 Rc3 44. Qe7 Qc7 45. Qb4 a3 46. Ra1 Qc5 47.
Qb7 Rc7 48. Qa8+ Rc8 49. Qa4 d4 50. Rfd1 d3 51. Qd7 Rc2 52. Rf1 Rc3 53. Rad1 Qd5 54.
Qa4 a2 55. Ra1 Rc2 56. g3 Qc4 57. Qd7 d2 58. Rfd1 Rc1 59. Qxd2 Rxd1+ 60. Qxd1 g6 61. Qd2 Ra8 62. Qb2 Qd5 63. Qc2 e5 64. Qc1 e4 65.
Qe3 Qd3 66. Qe1 1-0

[Event "Late-Titled-Tuesday-Blitz-March-19-2024"]
[Site "Chess.com"]
[Date "2024.03.19"]
[Round "8"]
[White "Der_Balak_3Halak"]
[Black "malakismayil"]
[Result "1-0"]
[WhiteElo "2426"]
[BlackElo "2509"]
[TimeControl "180+1"]
[EndTime "15:28:54 PDT"]
[Termination "Der_Balak_3Halak won on time"]

1. Nf3 Nf6 2. g3 d5 3. Bg2 e6 4.
O-O Be7 5. d4 O-O 6. c4 dxc4 7.
Nc3 c5 8. e3 Nc6 9. dxc5 Bxc5 10. Qa4 Qe7 11. Qxc4 e5 12. e4 Be6 13. Nd5 Bxd5 14. exd5 Nd4 15. Bg5 Rac8 16. Nxd4 Bxd4 17. Qb3 b6 18. Rac1 Qd6 19. Rc6 Rxc6 20. dxc6 Ne8 21.
Qa4 a5 22. Rc1 Nc7 23. Qb3 h6 24. Be3 Rd8 25. Rd1 Qc5 26. Rc1 Qd6 27. Rd1 Qe6 28.
Qxe6 Nxe6 29. Bh3 Nc7 30. Bxd4 Rxd4 31. Rxd4 exd4 32. Kg2 Kf8 33. Kf3 Ke7 34. Ke4 Kd6 35. Bd7 Nb5 36. a4 Na7 37. Kxd4 Nxc6+ 38. Bxc6 Kxc6 39.
Kc4 h5 40. h4 Kd6 41. Kb5 Kc7 42.
Ka6 Kc6 43. Ka7 g6 44. Kb8 f6 45. b3 g5 46. Kc8 gxh4 47. gxh4 f5 48. f4 Kd5 49.
Kb7 Ke4 50. Kxb6 Kxf4 51. Kxa5 Kg4 52. b4 f4 53. b5 f3 54. b6 f2 55. b7 f1=Q 56.
b8=Q Qf5+ 57. Qb5 Qf3 58. Qg5+ Kh3 59. Kb6 Qf2+ 60. Qc5 Qxc5+ 61. Kxc5 Kxh4 62. a5 Kg3 63. a6 h4 64. a7 h3 65. a8=Q h2 66. Qh1 Kh3 67.
Kd4 Kg3 68. Ke3 1-0

[Event "Late-Titled-Tuesday-Blitz-March-19-2024"]
[Site "Chess.com"]
[Date "2024.03.19"]
[Round "8"]
[White "Chempiblinka"]
[Black "Cambek64"]
[Result "1-0"]
[WhiteElo "2361"]
[BlackElo "2472"]
[TimeControl "180+1"]
[EndTime "15:28:56 PDT"]
[Termination "Chempiblinka won on time"]

1. Nf3 b5 2. g3 Bb7 3. Bg2 Nf6 4. O-O e6 5. d4 c5 6. c3 a6 7. Bg5 Be7 8. Nbd2 O-O 9. Re1 cxd4 10.
cxd4 d5 11. Ne5 Nc6 12. Ndf3 Ne4 13. Bxe7 Qxe7 14. Rc1 Rfc8 15. e3 Qb4 16. Nd3 Qa5 17. a3 b4 18. Ra1 Qb6 19. Qb3 a5 20. axb4 Nxb4 21. Rec1 Ba6 22. Nxb4 axb4 23. Rxc8+ Rxc8 24. Qa4 Be2 25. Qc2 Ba6 26. Qa4 Bb7 27. Ne5 Nf6 28. Nd7 Nxd7 29. Qxd7 g6 30. h4 h5 31. Qe7 Kg7 32. Bf1 Rc2 33. Rb1 Ba6 34. Bxa6 Qxa6 35.
Qxb4 Qe2 36. Qe1 Rxb2 37. Qxe2 Rxe2 38. Kg2 Rd2 39. Kf3 Kf6 40. Rb7 Rc2 41. Ra7 Rc8 42.
Kg2 Rg8 43. Kf3 g5 44. hxg5+ Rxg5 45. Ra1 Rf5+ 46. Kg2 Kg5 47. Rh1 Rf6 48. Rh4 Rg6 49. Rf4 f5 50. Rh4 Rg7 51. Kf3 Rc7 52. Rh1 Rh7 53.
Rh4 Rh8 54. Rh1 Rh7 55. Rb1 h4 56. gxh4+ Rxh4 57. Rb6 Kf6 58. Rb8 Kf7 59. Rb7+ Kf6 60. Rb6 f4 61. e4 dxe4+ 62. Kxe4 f3+ 63. Ke3 Rh3 64. d5 Ke5 65. dxe6 Kf6 66. Ra6 Ke7 67. Kf4 1-0

[Event "Late-Titled-Tuesday-Blitz-March-19-2024"]
[Site "Chess.com"]
[Date "2024.03.19"]
[Round "8"]
[White "GodzillaChessYoutube"]
[Black "KuzubovYuriy"]
[Result "0-1"]
[WhiteElo "2702"]
[BlackElo "2908"]
[TimeControl "180+1"]
[EndTime "15:29:03 PDT"]
[Termination "KuzubovYuriy won on time"]

1. d4 d5 2. Bf4 Nf6 3. e3 e6 4.
Nd2 c5 5. c3 Nc6 6. Ngf3 Nh5 7.
Bg5 Qb6 8. Rb1 h6 9. Bh4 g5 10. Ng1 Ng7 11. Bg3 Nf5 12. Bd3 Nxg3 13. hxg3 Bg7 14. f4 Bd7 15. Ngf3 O-O-O 16. Qb3 c4 17. Qxb6 axb6 18. Bc2 f6 19. Rd1 g4 20. Nh2 f5 21. a3 Kc7 22. Nhf1 Ra8 23. Kf2 h5 24. Nb1 Bf6 25. Nfd2 Ne7 26. Rh2 Rh7 27. Rdh1 Rah8 28. Nf1 Nc8 29. Nfd2 Nd6 30. Ke2 Be8 31. Bd1 Bg6 32.
Bc2 Kd7 33. Nf1 Ke7 34. Nbd2 Ra8 35. Nb1 Ra5 36. Nfd2 Rh8 37. Kf2 Rb5 38. b4 cxb3 39.
Bxb3 Rc8 40. a4 Ra5 41. Ke2 b5 42. axb5 Rxb5 43. Rc1 Be8 44. Rhh1 Ra5 45. Bc2 Ra2 46. Kd1 Bb5 47. Rxh5 Kf7 48. Rh7+ Bg7 49. Rh1 Kg6 50.
Bb3 Ra1 51. Kc2 Rca8 52. Kb2 R1a7 53. c4 dxc4 54. Nxc4 Bxc4 55. Bxc4 Nxc4+ 56. Rxc4 Ra2+ 57. Kb3 Rxg2 58. Rb4 Rxg3 59. Re1 Rh8 60. Nc3 Rhh3 61. Nd1 Rf3 62. Kc4 g3 63. Rb6 Kf6 64. Rg1 Rh2 65. Nc3 g2 66. Nd5+ Kg6 67. Rxe6+ Kf7 68. Re7+ Kf8 69. Rxb7 Rf1 70. Rxg2 Rxg2 71. Nc7 Rc1+ 72.
Kd5 Rg6 73. Ne6+ Kg8 74. Rb8+ Kh7 75. Ng5+ Kh6 0-1

[Event "Late-Titled-Tuesday-Blitz-March-19-2024"]
[Site "Chess.com"]
[Date "2024.03.19"]
[Round "8"]
[White "Evgeny81"]
[Black "Muracle"]
[Result "1-0"]
[WhiteElo "2776"]
[BlackElo "2596"]
[TimeControl "180+1"]
[EndTime "15:29:14 PDT"]
[Termination "Evgeny81 won by checkmate"]

1. e4 c6 2. c4 d5 3. exd5 cxd5 4. cxd5 Nf6 5. Nc3 Nxd5 6. Nf3 g6 7. Bc4 Nb6 8. Bb3 Bg7 9. d4 O-O 10. h3 Nc6 11. d5 Na5 12. O-O Nxb3 13. axb3 Bxc3 14. bxc3 Qxd5 15. Qe2 Qxb3 16. Qxe7 Qxc3 17. Bh6 Bf5 18. Bxf8 Rxf8 19. Qxb7 Nc8 20. Rfc1 Qf6 21. Ra6 Qd8 22. Qc7 Qd3 23. Ra2 Qd5 24. Rd2 Qe4 25.
Re1 Qb4 26. Rd8 a5 27. Ree8 Rxe8 28. Rxe8+ Kg7 29. Qe5+ f6 30. Qc7+ Kh6 31. Rg8 Ne7 32. Qc1+ g5 33. Rxg5 Qb1 34. Qxb1 Bxb1 35. Rxa5 Nf5 36.
g4 Nd6 37. Ra6 Ne4 38. Kg2 Kg7 39. Nd4 Nc5 40. Ra5 Ne4 41. Nf5+ Kg6 42. Ra7 Kg5 43. Rxh7 Kf4 44. Rb7 Bd3 45. Rb4 Be2 46. Rxe4+ Kxe4 47. Ng3+ Kd3 48. Nxe2 Kxe2 49. h4 Kd3 50. Kf3 Kd4 51. Kf4 Kd5 52. h5 Kd6 53. Kf5 Kd7 54. Kxf6 Kd8 55.
Kf7 Kc8 56. Ke7 Kc7 57. f4 Kc6 58. f5 Kc5 59. Ke6 Kc4 60. Ke5 Kc3 61. g5 Kc2 62. h6 Kc1 63. Ke4 Kb1 64. f6 Kb2 65. g6 Kb3 66. f7 Kb4 67. g7 Kb5 68. h7 Kb6 69. Ke5 Kb7 70. Ke6 Kb8 71. Ke7 Ka8 72. Ke8 Ka7 73. f8=Q Ka6 74. g8=Q Ka5 75. h8=Q Ka4 76. Ke7 Ka3 77. Qb8 Ka4 78. Qb7 Ka5 79. Kf7 Ka4 80. Kg7 Ka5 81. Kh7 Ka4 82. Kh6 Ka5 83. Kh5 Ka4 84.
Kh4 Ka5 85. Kh3 Ka4 86. Kh2 Ka5 87. Kh1 Ka4 88. Kg1 Ka5 89. Kg2 Ka4 90. Kg3 Ka5 91. Kg4 Ka4 92. Kg5 Ka5 93. Kg6 Ka4 94. Kf6 Ka5 95. Kf5 Ka4 96. Kf4 Ka5 97. Qf8 Ka4 98.
Ke4 Ka5 99. Kd4 Ka4 100. Qhg8 Ka5 101. Qgh7 Ka4 102. Qhh1 Ka5 103. Kd5 Ka4 104. Qff3 Ka5 105. Qhf1 Ka4 106. Q1d3 Ka5 107. Qdb1 Ka4 108. Kc4 Ka5 109. Qfe4 Ka4 110. Qa8# 1-0

[Event "Late-Titled-Tuesday-Blitz-March-19-2024"]
[Site "Chess.com"]
[Date "2024.03.19"]
[Round "8"]
[White "ExchangeAB"]
[Black "Crazy_girl99"]
[Result "1/2-1/2"]
[WhiteElo "2511"]
[BlackElo "2579"]
[TimeControl "180+1"]
[EndTime "15:29:14 PDT"]
[Termination "Game drawn by repetition"]

1. e4 e5 2. Nf3 Nc6 3. Bc4 Bc5 4. c3 Nf6 5. d3 d6 6. a4 a6 7. Nbd2 Ba7 8. h3 h6 9. Nf1 Be6 10. Bxe6 fxe6 11. Ng3 Qe7 12. O-O O-O 13. Qe2 Qf7 14. Be3 Rae8 15. b4 Bxe3 16. Qxe3 Nh7 17. b5 axb5 18. axb5 Nd8 19. Ra7 g5 20. Nd2 Qg7 21. Nc4 d5 22. Na5 d4 23. cxd4 exd4 24. Qc1 Qe5 25.
Nxb7 Nf7 26. Qc5 Nf6 27. Rc1 Qf4 28. Qxc7 Ne5 29. Nd6 Nfd7 30. Nh1 Re7 31. Rf1 Nxd3 32. Nc8 Ref7 33. Qxf4 Nxf4 34. Nd6 Rg7 35. b6 Nxb6 36.
Rxg7+ Kxg7 37. e5 Nbd5 38. Ng3 d3 39. Rd1 Nc3 40. Rd2 Rb8 41. Kh2 Rb1 42. Nge4 Nxe4 43.
Nxe4 Rc1 44. g3 Nd5 45. Rxd3 Rc2 46. Rf3 Re2 47. Nf6 Rxe5 48. Nxd5 exd5 49. Kg2 Kg6 50. Ra3 Kf5 51. Kf3 d4 52. Rd3 Rd5 53. Ke2 Ke4 54. f3+ Ke5 55. Ra3 Rb5 56. Kd3 Kd5 57. f4 gxf4 58.
gxf4 Rb4 59. Ra5+ Ke6 60. Re5+ Kf6 61. Rh5 Ra4 62. Rxh6+ Kf5 63. Rh4 Rb4 64. Rg4 Rb3+ 65. Kxd4 Rxh3 66. Rg5+ Kxf4 67. Rg8 Rh4 68. Rf8+ Kg3+ 69.
Ke5 Rg4 70. Ra8 Rg5+ 71. Kf6 Rg4 72. Kf5 Rf4+ 73. Ke5 Rg4 74. Ra7 Rg5+ 75. Kf6 Rg4 76. Kf5 Rf4+ 77. Ke5 Rb4 78. Ra3+ Kg4 79. Rc3 Rb5+ 80.
Kf6 Kf4 81. Rc4+ Ke3 82. Ke6 Kd3 83. Rh4 Rb6+ 84. Ke7 Rb7+ 85. Kd6 Rb6+ 86. Kc5 Rg6 87. Rh3+ Ke4 88. Rh4+ Kd3 89. Rh3+ Ke4 90. Rh4+ Kd3 1/2-1/2

[Event "Late-Titled-Tuesday-Blitz-March-19-2024"]
[Site "Chess.com"]
[Date "2024.03.19"]
[Round "8"]
[White "Dr_Pepper18"]
[Black "zverr1"]
[Result "0-1"]
[WhiteElo "2431"]
[BlackElo "2546"]
[TimeControl "180+1"]
[EndTime "15:29:20 PDT"]
[Termination "zverr1 won on time"]

1. d4 g6 2. Nf3 Bg7 3. g3 Nf6 4. Bg2 O-O 5. O-O d5 6. c4 c6 7. cxd5 cxd5 8. Nc3 Ne4 9. Bf4 Nc6 10. Rc1 Nxc3 11. Rxc3 Bd7 12. Ne5 Nxe5 13. Bxe5 Bxe5 14. dxe5 Bc6 15. Rd3 Qc7 16. Bxd5 Qxe5 17. Bxc6 bxc6 18.
Qd2 Rfb8 19. Rc3 a5 20. Rfc1 a4 21. R1c2 Ra6 22. Re3 Qf6 23. Qd7 Rab6 24. Rxe7 R6b7 25. Qxb7 Rxb7 26. Rxb7 Qf5 27. Rc1 Qe6 28. a3 Qxe2 29.
Rb4 h5 30. h4 Kg7 31. Rc3 Qd1+ 32. Kg2 Qd5+ 33. Rf3 Qe5 34. Rxa4 Qxb2 35. Rc4 Qb5 36. Rfc3 Qd5+ 37. Kh2 Qf5 38. Rc2 Qf3 39. R4c3 Qe4 40. Rxc6 g5 41. R6c4 Qe7 42. hxg5 Qxg5 43. a4 Qd5 44.
Rf4 Qb3 45. Rc7 h4 46. Rxh4 Qb6 47. Rc2 Qb3 48. Re2 Qf3 49. Rhe4 Qb3 50. R2e3 Qa2 51.
Rf3 Qd5 52. Ref4 Qh5+ 53. Kg2 Qd5 54. Rxf7+ Kg8 55. Rf8+ Kg7 56. Rf4 Kg6 57. Rf5 Qe4 58. a5 Qa8 59. Rf6+ Kg5 60. a6 Qe4 61. a7 Qa8 62. Rf7 Kg4 63. Kg1 Kh3 64. Rh7+ Kg4 65.
Rf4+ Kg5 66. Rg7+ Kh6 67. Rc7 Qd5 68. Rh4+ Kg5 69. Rg7+ Kf6 70. Rgg4 Qa8 71. Ra4 Kg5 72. Rhb4 Qc6 0-1